 Dungeon Crawl Stone Soup version 0.26-a0-660-gc07710193c (webtiles) character file.

Game seed: 10240554659672926068

86 tom967 the Caller (level 4, 0/34 HPs)
             Began as a Demigod Summoner on Oct 7, 2020.
             Slain by a gnoll
             ... wielding a +0 spear
              (2 damage)
             ... on level 3 of the Dungeon.
             The game lasted 00:41:53 (8684 turns).

tom967 the Caller (Demigod Summoner)                Turns: 8684, Time: 00:41:53

Health: 0/34       AC:  4    Str: 11    XL:     4   Next: 5%
Magic:  0/19       EV: 13    Int: 21    God:
Gold:   193        SH:  0    Dex: 16    Spells: 2/8 levels left

rFire    . . .     SeeInvis .   e - +0 spear
rCold    . . .     Faith    .   (no shield)
rNeg     . . .     Spirit   .   a - +0 robe
rPois    .         Reflect  .   t - +0 helmet
rElec    .         Harm     .   (no cloak)
rCorr    .         Rampage  .   q - +0 pair of gloves
MR       .....                  (no boots)
Stlth    ++........             (no amulet)
HPRegen  0.11/turn              p - ring of magical power
MPRegen  0.16/turn              (no ring)

@: no status effects
A: high mp 1
a: no special abilities


You were on level 3 of the Dungeon.
You visited 1 branch of the dungeon, and saw 3 of its levels.

You collected 193 gold pieces.

Inventory:

Hand Weapons
 e - a +0 spear (weapon)
 r - a +0 dagger of venom
Missiles
 g - 68 stones (quivered)
 k - 6 bolts
 n - 22 arrows
Armour
 a - a +0 robe (worn)
 q - a +0 pair of gloves (worn)
 t - a +0 helmet (worn)
Jewellery
 p - a ring of magical power (left hand)
Scrolls
 c - a scroll of magic mapping {unknown}
 f - a scroll of teleportation
 h - a scroll of blinking {unknown}
 i - a scroll of remove curse {unknown}
 o - a scroll of fog {unknown}
Potions
 s - a potion of haste {unknown}


   Skills:
 + Level 0.8 Fighting
 + Level 0.5 Short Blades
 + Level 0.7 Polearms
 - Level 2.0 Dodging
 - Level 2.0 Stealth
 + Level 2.5 Spellcasting
 + Level 4.2 Summonings


You had 2 spell levels left.
You knew the following spells:

 Your Spells              Type           Power        Failure   Level
a - Summon Small Mammal   Summ           ###.         2%          1
b - Call Imp              Summ           ###.....     3%          2
c - Call Canine Familiar  Summ           ###.....     8%          3

Your spell library contained the following spells:

 Spells                   Type           Power        Failure   Level
 Summon Guardian Golem    Hex/Summ       ##......     17%         3
 Summon Ice Beast         Ice/Summ       ##......     50%         4
 Summon Lightning Spire   Summ/Air       ##......     50%         4


Dungeon Overview and Level Annotations

Branches:
Dungeon (3/15)


Innate Abilities, Weirdness & Mutations

You have an increased reservoir of magic. (+10% MP)


Message History

The gnoll closely misses you.
Your crimson imp hits the gnoll.
The gnoll hits your hound with a +0 whip!
Your hound barely misses the gnoll.
The bat barely misses you.
The gnoll hits you from afar with a +0 spear!
* * * LOW HITPOINT WARNING * * *
Your hound barely misses the gnoll.
The gnoll hits your hound with a +0 whip.
The bat hits you but does no damage.
Your crimson imp blinks!
The bat closely misses you. The gnoll closely misses your hound.
The bat misses you.
Your hound bites the gnoll.
The bat hits you but does no damage.
Your hound barely misses the gnoll.
The bat misses you.
Casting: Call Canine Familiar (dangerous; 8% risk of failure)
Confirm with . or Enter, or press ? or * to list all spells.
A beastly little devil appears in a puff of flame.
The bat misses you.
Your hound bites the gnoll.
The gnoll hits you from afar with a +0 spear.
You die...

### #.. ### ###### #.# #####.. ..
.. #####.###...... #.####5
#.....<##.###.. ########
.......###.###..##.##...
.5.5...##..#....@bg..g#.g.......†
5####.>......#..###.#h......###(.
5####......###......§5##.#..###..
.##..............##...5..#.......
.5.............# #.......#.#####.
.##.#.....######.#.##.##.#.# #.
.....††#### #.#.##......# #.
..#†.[...#######..÷...##.### #.
.#.††#.#.##.....##.#.###.#######h


You could see 2 gnolls, a bat, a friendly hound (summoned) and a friendly
crimson imp (summoned).

Vanquished Creatures
  A goblin (D:3)
  A hobgoblin (D:2)
  A jackal (D:3)
  A kobold (D:2)
  3 bats (D:1)
  3 frilled lizards
  2 rats
12 creatures vanquished.

Vanquished Creatures (collateral kills)
  A nameless horror (D:2)
  Robin (D:2)
  2 gnolls (D:3)
  3 adders
  4 dart slugs
  An orc (D:3)
  2 bats
  A giant cockroach (D:1)
  6 goblins
  4 hobgoblins
  5 jackals
  2 quokkas
  11 frilled lizards
  7 kobolds
  6 rats
56 creatures vanquished.

Grand Total: 68 creatures vanquished

Notes
Turn   | Place    | Note
-------+----------+-------------------------------------------
     0 | D:1      | tom967 the Demigod Summoner began the quest for the Orb.
     0 | D:1      | Reached XP level 1. HP: 14/14 MP: 5/5
  2145 | D:1      | Reached XP level 2. HP: 20/20 MP: 0/7
  2531 | D:1      | Learned a level 2 spell: Call Imp
  3368 | D:1      | You fall into a shaft and drop 1 floor!
  3379 | D:2      | Reached skill level 4 in Summonings
  3451 | D:2      | Noticed Robin
  3591 | D:2      | Killed Robin
  3591 | D:2      | Reached XP level 3. HP: 10/26 MP: 0/9
  6165 | D:2      | Learned a level 3 spell: Call Canine Familiar
  6846 | D:2      | Noticed a nameless horror
  6858 | D:2      | Killed a nameless horror
  8643 | D:3      | Reached XP level 4. HP: 10/34 MP: 3/10
  8684 | D:3      | Slain by a gnoll

Illustrated notes

Levels and vault maps discovered:
D:1:      matt_arrival_grand_opening, layout_basic, moated_statue,
          chequers_serial_rivers_room_b, minivault_19
D:2:      layout_loops_corners, minmay_lizard_pond, uniq_robin
D:3:      layout_loops_cross, nemelex_xobeh_ov_fountains_minmay, uniq_jessica

Skill      XL: |  1  2  3 |
---------------+----------+-----
Spellcasting   | 2 |  2.5
Summonings     | 4 |  4.2
Stealth        | 2 |  2.0
Dodging        | 2 |  2.0
Fighting       | |  0.8
Short Blades   | |  0.5
Polearms       | |  0.7

Action                   |  1- 3 |  4- 6 || total
-------------------------+-------+-------++-------
Melee: Unarmed           |     8 |       ||     8
       Whip              |     2 |       ||     2
       Short sword       |    10 |       ||    10
       Spear             |    39 |       ||    39
Throw: Stone             |     2 |       ||     2
 Cast: Summon Small Mamm |    38 |       ||    38
       Call Imp          |    73 |     3 ||    76
       Call Canine Famil |     5 |     1 ||     6
  Use: Potion            |     1 |       ||     1
       Scroll            |     1 |       ||     1
 Stab: Distracted        |     1 |       ||     1
       Sleeping          |     1 |       ||     1
Armor: Robe              |    20 |     6 ||    26
       Chain mail        |     1 |       ||     1
Dodge: Dodged            |   101 |    10 ||   111

Table legend: (Time is in decaauts)
 A = Elapsed time spent in this place.
 B = Non-inter-level travel time spent in this place.
 C = Inter-level travel time spent in this place.
 D = Time resting spent in this place.
 E = Time spent auto-exploring this place.
 F = Levels seen in this place.
 G = Mean time per level.
                   A        B        C        D        E       F      G
               +--------+--------+--------+--------+--------+-----+--------+
         Total |   8685 |   7330 |   1355 |   6390 |    193 |   3 | 2895.0 |
       Dungeon |   8685 |   7330 |   1355 |   6390 |    193 |   3 | 2895.0 |
               +--------+--------+--------+--------+--------+-----+--------+

Top non-repeatable levels by time:
     D:2: 4844 daAuts
     D:1: 3367 daAuts
     D:3: 473 daAuts
